 Dungeon Sprint DCSS version 0.29.1-4-g47bece8355 (webtiles) character file.

Game seed: 4545547841114267312

288 boopmooplesden the Severer (level 10, -11/107 HPs)
             Began as a Minotaur Berserker on Dec 7, 2022.
             Was a High Priest of Trog.
             Mangled by a +2 vorpal scimitar (13 damage)
             ... while petrified by a basilisk
             ... in the Dungeon (Sprint VI: "Thunderdome").
             The game lasted 00:04:13 (818 turns).

boopmooplesden the Severer (Minotaur Berserker)      Turns: 818, Time: 00:04:13

Health: -11/107    AC: 13    Str: 25    XL:     10   Next: 41%
Magic:  0/9        EV:  2    Int:  9    God:    Trog [*****.]
Gold:   36         SH:  0    Dex: 15    Spells: 9/9 levels left

rFire   . . .      SeeInvis +   r - +0 broad axe
rCold   . . .      Faith    .   (no shield)
rNeg    + + +      Spirit   +   t - +7 leather armour "Piluas" {Harm rC- rN++ Regen+}
rPois   ∞          Reflect  .   (helmet restricted)
rElec   +          Harm     +   p - +0 cloak
rCorr   .          Rampage  .   (no gloves)
Will    +....      NoTele   +   (no boots)
Stlth   +.........              n - amulet of Okawaru's Inspiration {Spirit rC+}
HPRegen 0.27/turn               o - ring "Qien" {Int+5 SInv}
MPRegen 0.11/turn               m - ring "Tuadukk" {rElec Will+ EV+4 Dex+4}

@: petrified, on berserk cooldown, slowed, studying Armour
A: horns 2, retaliatory headbutt
}: 1/15 runes: decaying
a: Renounce Religion, Berserk, Trog's Hand, Brothers in Arms


You were in the Dungeon.
You worshipped Trog.
Trog was extremely pleased with you.
You visited 1 branch You collected 590 gold pieces.
You spent 554 gold pieces at shops.

Inventory:

Hand Weapons
 a - a +0 hand axe
 r - a +0 broad axe (weapon)
Armour
 b - a +0 animal skin
 p - a +0 cloak (worn)
 q - a +0 chain mail
 t - the +7 leather armour "Piluas" (worn) {Harm rC- rN++ Regen+}
   (You bought it in a shop in the Dungeon)

   rC:        It makes you vulnerable to cold.
   rN:        It greatly protects you from negative energy.
   Regen:     It increases your rate of health regeneration.
   Harm:      It increases damage dealt and taken.
Jewellery
 m - the ring "Tuadukk" (right hand) {rElec Will+ EV+4 Dex+4}
   (You bought it in a shop in the Dungeon)

   [ring of evasion]

   EV:        It affects your evasion (+4).
   Dex:       It affects your dexterity (+4).
   rElec:     It insulates you from electricity.
   Will:      It increases your willpower.
 n - the amulet of Okawaru's Inspiration (around neck) {Spirit rC+}
   (You bought it in a shop in the Dungeon)

   [amulet of guardian spirit]

   It causes incoming damage to be divided between your reserves of health and
   magic.
   rC:        It protects you from cold.
 o - the ring "Qien" (left hand) {Int+5 SInv}
   (You bought it in a shop in the Dungeon)

   [ring of see invisible]

   Int:       It affects your intelligence (+5).
   SInv:      It lets you see invisible.
Wands
 j - a wand of quicksilver (4)
 k - a wand of iceblast (4)
Scrolls
 h - 4 scrolls of blinking
 l - 3 scrolls of butterflies
Potions
 c - a potion of curing
 d - 3 potions of heal wounds
 e - 3 potions of haste
 f - 2 potions of magic
 g - a potion of berserk rage
 i - a potion of resistance
 s - a potion of experience


   Skills:
 + Level 16.2 Fighting
 + Level 18.4 Axes
 + Level 14.9 Armour
 + Level 10.1 Dodging
 + Level 2.1 Evocations


You had 9 spell levels left.
You didn't know any spells.
Your spell library was empty.

Dungeon Overview and Level Annotations

Branches:
Dungeon (1/1)

Altars:
Cheibriados
Dithmenos
Fedhas
Gozag
Kikubaaqudgha
Makhleb
Okawaru
Qazlal
Ru
Sif Muna
Trog
Uskayaw
Vehumet
Wu Jian
Xom
Yredelemnul
Zin
The Shining One
Lugonu

Shops:
D *[??*?*:[((!!!!


Innate Abilities, Weirdness & Mutations

You have a pair of horns on your head.
You reflexively headbutt those who attack you in melee.


Message History

You feel much better.
The basilisk hisses angrily.
You slash the basilisk!
The basilisk is moderately wounded.
The basilisk closely misses you.
You closely miss the basilisk. You headbutt the basilisk!
The basilisk is heavily wounded.
The basilisk gazes at you. You resist with almost no effort.
You hit the basilisk. Your headbutt misses the basilisk.
The basilisk is heavily wounded. 50...
The basilisk gazes at you.
You are slowing down.
You slice the basilisk!!
You kill the basilisk!
Trog accepts your kill.
The basilisk's shape twists and changes as it dies.
Your limbs are stiffening.
The deep elf pyromancer gestures at you while chanting.
The sticky flame hits you but does no damage.
You are covered in liquid flames!
A +2 vorpal scimitar comes into view.
You have turned to stone.
You are covered in liquid flames! x3
The +2 vorpal scimitar hits you!
* * * LOW HITPOINT WARNING * * *
x2 The deep elf pyromancer hits you with a +0 dagger.
* * * LOW HITPOINT WARNING * * *
The +2 vorpal scimitar hits you!!
* * * LOW HITPOINT WARNING * * *
x2 The deep elf pyromancer hits you but does no damage.
The +2 vorpal scimitar hits you!!
* * * LOW HITPOINT WARNING * * *
x2 The +2 vorpal scimitar hits you.
* * * LOW HITPOINT WARNING * * *
The deep elf pyromancer hits you with a +0 dagger.
* * * LOW HITPOINT WARNING * * *
The +2 vorpal scimitar hits you!!
You die...

#e......._# ###.........###
#⌠...).......⌠#
######.8.........8.######
##..__......###......___∩##
###∩........8.# #.8........∩#
#.............###............
⌠..........###).(###.........
⌠..........# #.e@# #.........
⌠..........###..)###.........
#........)...[###)÷..........
###∩........8.# #.8........∩#
##∩___......###......___∩##
######.8.........8.######
#⌠..).[......⌠#
###.........### #_......._#


You could see a deep elf pyromancer and a +2 vorpal scimitar.

Vanquished Creatures
  the Lernaean hydra (D)
  A deep elf annihilator (D)
  A dancing weapon (D)
  An orc high priest (D)
  A jumping spider (D)
  Sigmund (D)
  An air elemental (D)
  A basilisk (shapeshifter) (D)
  An orc warrior (D)
  Blork the orc (D)
  A scorpion (D)
  A jelly (D)
  3 orc priests (D)
  Jessica (D)
  Terence (D)
  An orc wizard (D)
  A ball python (D)
  5 endoplasms (D)
  A kobold (D)
25 creatures vanquished.

Vanquished Creatures (collateral kills)
  3 jumping spiders (D)
3 creatures vanquished.

Grand Total: 28 creatures vanquished

Notes
Turn   | Place    | Note
-------+----------+-------------------------------------------
     0 | D        | boopmooplesden the Minotaur Berserker began the quest for
                  | the Orb.
     0 | D        | Reached XP level 1. HP: 19/19 MP: 0/0
     3 | D        | Found an opulent altar of Gozag.
     3 | D        | Found a hide-covered altar of Uskayaw.
     4 | D        | Found an ornate altar of the Wu Jian Council.
     4 | D        | Found a glowing silver altar of Zin.
     5 | D        | Found a corrupted altar of Lugonu.
     5 | D        | Round 1.
     6 | D        | Found a glowing golden altar of the Shining One.
     6 | D        | Found a sacrificial altar of Ru.
     6 | D        | Found Cywoy's Identification Station.
     7 | D        | Found Ammasch's Jewellery.
     7 | D        | Found Doedutebi's Advanced Armour.
    15 | D        | Bought a flickering wooden ring for 45 gold pieces
    15 | D        | Identified the ring "Tuadukk" {rElec Will+ EV+4 Dex+4} (You
                  | bought it in a shop in the Dungeon)
    15 | D        | Bought a scintillating diamond amulet for 45 gold pieces
    15 | D        | Identified the amulet of Okawaru's Inspiration {Spirit rC+}
                  | (You bought it in a shop in the Dungeon)
    15 | D        | Bought a scorched pewter ring for 45 gold pieces
    15 | D        | Identified the ring "Qien" {Int+5 SInv} (You bought it in a
                  | shop in the Dungeon)
    25 | D        | Found a shimmering altar of Xom.
    28 | D        | Found a snail-covered altar of Cheibriados.
    29 | D        | Found Urphuskao's Premium Goods.
    30 | D        | Found Xinelasu's Miscellaneous Merchandise.
    30 | D        | Found Kifup's Basic Armour.
    31 | D        | Found a bloodstained altar of Trog.
    31 | D        | Found an iron altar of Okawaru.
    31 | D        | Found Havve's Weapon Rack.
    35 | D        | Found a blossoming altar of Fedhas.
    38 | D        | Bought a +0 cloak for 54 gold pieces
    44 | D        | Noticed Terence
    52 | D        | Killed Terence
    53 | D        | Reached skill level 5 in Fighting
    53 | D        | Reached skill level 5 in Axes
    53 | D        | Reached XP level 2. HP: 30/30 MP: 1/1
    58 | D        | Noticed Sigmund
    62 | D        | Noticed Jessica
    68 | D        | Killed Sigmund
    68 | D        | Reached ** piety under Trog
    69 | D        | Reached skill level 9 in Axes
    69 | D        | Reached XP level 3. HP: 32/42 MP: 0/2
    69 | D        | Reached XP level 4. HP: 39/50 MP: 0/3
    69 | D        | Reached XP level 5. HP: 44/57 MP: 0/4
    81 | D        | Killed Jessica
    81 | D        | Arena points: 12 (+12) [x2]
    82 | D        | Reached skill level 5 in Armour
   149 | D        | Round 2.
   151 | D        | Found a shadowy altar of Dithmenos.
   153 | D        | Reached *** piety under Trog
   154 | D        | Found a stormy altar of Qazlal.
   155 | D        | Found Teab's Do-It-Yourself Clinic.
   156 | D        | Found Wuimocs's Bottled Wisdom.
   156 | D        | Found Zuor's Distillery.
   156 | D        | Found a shimmering blue altar of Sif Muna.
   156 | D        | Found an ancient bone altar of Kikubaaqudgha.
   156 | D        | Found Tarok's Distillery.
   161 | D        | Reached **** piety under Trog
   162 | D        | Reached skill level 5 in Dodging
   167 | D        | Arena points: 54 (+42) [x3]
   227 | D        | Round 3.
   246 | D        | Noticed a jumping spider
   270 | D        | Noticed a jumping spider
   273 | D        | Killed a jumping spider
   274 | D        | Reached skill level 10 in Fighting
   274 | D        | Reached skill level 11 in Axes
   274 | D        | Reached XP level 6. HP: 39/67 MP: 3/5
   276 | D        | Killed a jumping spider
   277 | D        | Reached XP level 7. HP: 44/74 MP: 4/6
   280 | D        | Reached skill level 12 in Axes
   280 | D        | Reached skill level 1 in Evocations
   285 | D        | Noticed a jumping spider
   287 | D        | Noticed a jumping spider
   292 | D        | Killed a jumping spider
   300 | D        | Killed a jumping spider
   301 | D        | Reached skill level 13 in Axes
   331 | D        | Arena points: 72 (+18) [x1]
   346 | D        | Round 4.
   346 | D        | Noticed Blork the orc
   359 | D        | Killed Blork the orc
   360 | D        | Reached XP level 8. HP: 61/85 MP: 7/7
   393 | D        | Found a radiant altar of Vehumet.
   394 | D        | Found a burning altar of Makhleb.
   403 | D        | Reached ***** piety under Trog
   419 | D        | Found a basalt altar of Yredelemnul.
   420 | D        | Found Zuch's Magic Scroll Shop.
   420 | D        | Found Lamillouvo's Staff Store.
   421 | D        | Found Joonywo's Magic Scroll Shop.
   421 | D        | Found Cicith's Must-Have Magic.
   463 | D        | Arena points: 128 (+56) [x2]
   464 | D        | Reached skill level 14 in Axes
   492 | D        | Bought a +0 broad axe for 120 gold pieces
   536 | D        | Round 5.
   541 | D        | Noticed the 27-headed Lernaean hydra
   555 | D        | Killed the 26-headed Lernaean hydra
   555 | D        | Arena points: 288 (+160) [x4]
   556 | D        | Reached skill level 15 in Fighting
   556 | D        | Reached skill level 16 in Axes
   556 | D        | Reached XP level 9. HP: 33/97 MP: 2/8
   558 | D        | Got a decaying rune of Zot
   577 | D        | Bought a warped leather armour for 245 gold pieces
   577 | D        | Identified the +7 leather armour "Piluas" {Harm rC- rN++
                  | Regen+} (You bought it in a shop in the Dungeon)
   737 | D        | Round 6.
   743 | D        | Noticed a +2 hand axe of flaming
   783 | D        | Noticed a queen bee
   783 | D        | Noticed a deep elf annihilator
   788 | D        | Killed a +2 hand axe of flaming
   789 | D        | Reached skill level 17 in Axes
   789 | D        | Reached XP level 10. HP: 34/106 MP: 3/9
   797 | D        | Noticed an orc high priest
   801 | D        | Killed a deep elf annihilator
   801 | D        | Received a gift from Trog
   802 | D        | Reached skill level 18 in Axes
   803 | D        | Noticed a deep elf pyromancer
   805 | D        | Killed an orc high priest
   806 | D        | Reached skill level 10 in Dodging
   813 | D        | Noticed a +2 vorpal scimitar
   817 | D        | HP: 4/107 [+2 vorpal scimitar (3)]
   818 | D        | Mangled by a +2 vorpal scimitar

Illustrated notes

Levels and vault maps discovered:
D:        arena_sprint

Skill      XL: |  1  2  3  4  5  6  7  8  9 10 |
---------------+-------------------------------+-----
Fighting       | 5 9 10 11 12 15 16 | 16.2
Axes           | 5 9 11 13 16 17 18 | 18.4
Armour         | 3 4 6 7 11 12 14 | 14.9
Dodging        | 3 4 5 6 7 9 10 | 10.1
Evocations     | 1 2 |  2.1

Action                   |  1- 3 |  4- 6 |  7- 9 | 10-12 || total
-------------------------+-------+-------+-------+-------++-------
Melee: Hand axe          |     9 |    17 |    46 |       ||    72
       Headbutt          |     3 |       |     7 |     2 ||    12
       Broad axe         |       |       |     6 |    13 ||    19
       Punch             |       |       |     1 |       ||     1
Invok: Berserk           |     1 |     1 |     2 |     1 ||     5
       Brothers in Arms  |       |     1 |     1 |       ||     2
Evoke: Wand              |     2 |       |       |       ||     2
  Use: Potion            |     1 |       |       |     1 ||     2
Armor: Animal skin       |     2 |       |       |       ||     2
       Chain mail        |       |     2 |    25 |       ||    27
       Leather armour    |       |       |       |     3 ||     3
Dodge: Dodged            |    11 |    13 |    32 |     7 ||    63
